Workbook
Name Scores: 'A2 Outputs 1-5'!$E$13:$E$19

Sheet A1 Goal, Purpose, Risk
A1: Annual Review: Fiscal and Administrative Decentralisation of Social Care Services Project in Kosovo
A3: ARIES Project Code | C3: 200857
A4: ARIES Project Description | C4: Fiscal and Administrative Decentralisation of Social Care Services in Kosovo
A6: A1: Goal, Purpose, Risk
A7: Goal
A8: Goal statement | C8: Municipalities are capable of meeting the highest priority social care service needs of their residents
A9: Indicator 1 | C9: Assessment of the extent to which highest priority social care service needs are met, including gender and ethnicity breakdown
A10: Milestone for this review (if any) | C10: n/a
A11: What progress has been made in the period covered by this review? | C11: Still early in the decentralisation process. Municipalities still in early stages of developing their own understanding of what the social care services (SCS) needs are and how to respond. Project team has established a leading role in the reform process and progress to date would not have made without their interventions. The recent 1st annual Social Services Conference showed the level of interest that has been generated in understanding better the needs of the sector. This should form good basis for capacity-building of municipalities going forward. In summary, the project is now on track and making good progress towards achieving its main objectives. We are encouraged by the degree of ownership over the underlying reforms observed from the main local stakeholders, but recognise that technical and managerial capacity will take time to build at both central and municipal level.
A13: If Indicator 2 is to be reported against, click on the '+' sign to the left of this worksheet
A14: Indicator 2 | C14: Quantitative and qualitative provision of high priority social care services by municipalities, including gender and ethnicity breakdown.
A15: Milestone for this review (if any) | C15: n/a
A16: What progress has been made in the period covered by this review? | C16: Baseline survey still being undertaken to determine current levels of provision of SCS and their quality. There have been delays due to problems with accessing relevant data e.g. Household Budget Survey held by SOK, but these have now been overcome. No data currently available on the gender and ethnicity breakdown of beneficiaries ...
A18: If Indicator 3 is to be reported against, click on the '+' sign to the left of this worksheet
A19: Indicator 3
A20: Milestone for this review (if any)
A21: What progress has been made in the period covered by this review?
A23: What evidence is there of progress made in the period covered by this review towards the Goal-level Target(s)? | C23: Targets for the respective Impact level indicators have not yet been established, due to data constraint. Appropriate targets should be set once quantitative analysis of service provision and coverage are completed in early 2012. See relevant outputs for specific action points to ensure that this work is widely disseminated to relevant local stakeholders. The recent conference on Social Service Delivery in Kosovo should be useful in identifying relevant local interest groups.
A25: Goal Recommendation 1 | C25: Work required to quantify expected levels of need (for main SCS), based on risk factor analysis of relevant populations, and then set appropriate targets for municipal coverage. NPAC has a key role in raising the awareness of relevant municipal officers (mayors, Directors of Budget, Directors of Health and Social Welfare, Heads of Social Welfare Units) to their new roles and responsibilities. The Department of Social Welfare in Ministry of Labour and Social Welfare (MLSW) needs to consider what role it can most usefully play in this new decentralised reality, combining a regulatory/ inspection function with providing positive support to the municipalities to manage the CSW's effectively.
A26: Goal Action Point 1 | C26: Team to complete quantitative survey and then propose specific service-delivery related indicators and targets for 2012 (and beyond).
A27: If more Recommendations or Action Points need to be identified, click the '+' box on the left-hand side.
A28: Goal Recommendation 2
A29: Goal Recommendation 3
A30: Goal Action Point 2
A31: Goal Action Point 3
A33: Purpose
A34: Project Purpose | C34: Improve the capabilities of municipalities and CSWs to deliver social care services to people in high priority need by strengthening management systems for the financial and administrative decentralisation of social care services
A36: Indicator 1 | C36: Availability of sufficient funding to enable the provision of social care services to people in the highest need
A37: Milestone for this review (if any) | C37: Maintenance of funding for decentralised care services for 2012 at least at 2010 levels, i.e. €1.9 million through specific or general grant
A38: What progress has been made in the period covered by this review? | C38: Work has commenced with pilot municipalities to strengthen their management of social care services and their relations with the Centres for Social Work (which are responsible for service delivery). This is being achieved mainly by working through the AKM and their related Collegia. The government has indicated that it has included €2.5 million in the General Grant to municipalities, within the 2012 budget, to cover their estimate of the recurrent costs of the Centres for Social Work (mainly staff salaries). There is no specific allocation for actual service provision, which compares to the €1 million provided as an earmarked grant in 2011. We thus have concerns about the insufficiency of overall funding to the sector in 2012 and whether this will further compromise existing levels of service delivery, given that there is as yet no evidence to that municipalities are considering allocating their own budgetary resources e.g. from own source revenues, to this sector..
A40: If Indicator 2 is to be reported against, click on the '+' sign to the left of this worksheet
A41: Indicator 2 | C41: Capacity of municipalities and Centres for Social Welfare to identify and meet high priority social care needs with available funding, including gender and ethnicity breakdown.
A42: Milestone for this review (if any) | C42: Qualitative service delivery survey provides baseline assessment of service provision
A43: What progress has been made in the period covered by this review? | C43: Qualitative service delivery survey is ongoing and is expected to be completed by December. In the mean time, the capacity of relevant Municipal departments is being built through project support to the AKM and relevant collegia (training programmes and workshops, including all municipalities). The project identified that municipalities should also be represented by heads of unit/ social welfare officers with the municipal DHSW in addition to directors. Once the survey data is available, we recommend that this is discussed with NPAC members, the municipalities and CSW in depth, as well as made available to a wider audience including civil society.
A45: If Indicator 3 is to be reported against, click on the '+' sign to the left of this worksheet
A46: Indicator 3
A47: Milestone for this review (if any)
A48: What progress has been made in the period covered by this review?
A50: If Indicator 4 is to be reported against, click on the '+' sign to the left of this worksheet
A51: Indicator 4
A52: Milestone for this review (if any)
A53: What progress has been made in the period covered by this review?
A55: If Indicator 5 is to be reported against, click on the '+' sign to the left of this worksheet
A56: Indicator 5
A57: Milestone for this review (if any)
A58: What progress has been made in the period covered by this review?
... A63: What progress has been made in the period covered by this review?
A65: Are Purpose Assumptions being realised? If so, to what degree, and what has been the effect on the project? | C65: 1. Government remains committed to the financial and administrative decentralisation of social care services in the difficult financial context. 2. NPAC is working on the strategic vision and with the project team on establishment of the budget formula to be submitted to Government for addoption in April 2012. 3. Key line ministries, through NPAC, have reached agreement on basic criteria for a future budget formula for social care services including equalisation mechanisms. The key issue will be reaction of the Ministry of Finance. 4. It is too early to see, mainly due to non-availability of funds, any indication by the Municipalities of serious commitment for provision of social care services to people in highest need. 5. Municipalities capacity to understand the sector better are also limited - although the directors of departments are becoming more aware of the sector and their role in it through this project. However, they are elected officials with no specific experience in this sector.
A67: What evidence is there that achieving the Purpose is contributing to the realisation of the Goal? If it is doing so, to what degree? | C67: There is clear evidence that the project is already improving capacities of Municipalities to administer these services more effectively. There are concerns about financial affordability and hence the degree to which service quality and coverage can be increased in short term. However, the project is playing a crucial role in clarifying roles and responsibilities of all stakeholders within the sector, which is of fundamental importance to successful achievement of the project's stated goal and purpose.
A69: What is the evidence that the likely achievement of the Purpose can be attributed to progress made in delivering the Outputs in the period covered by this review? | C69: It is clear that without the project's existence, the sector would suffer significantly from lack of clarity on institutional roles, poor financial management and planning, lack of opportunities for staff to improve their skills and learn from experiences and best practices regionally and wider. The project, by demonstrating how to implement an effective decentralisation strategy, has important implications for Kosovo's overall decentralisation agenda. The critical role that the project is playing has already been recognised by Ministers and most participants in the Social Services Conference held on 17/11/2011 in Prishtina.
A71: Purpose Recommendation 1 | C71: See recommendations in accompanying Note on Main Outcomes of the Annual Review. These focus on the need for (a) a clear Communication Strategy for the project and the underlying reform process, to be agreed with NPAC; (b) a specific proposal from the project on a data needs and data management plan; (c) further consideration by NPAC of the non-goverment sources of financial and other support to the sector; (d) building on regional linkages and integrating Kosovo into EU networks on social care and social service delivery and (e) carefully managing risks of changes to key team members.
A72: Purpose Action Point 1
A73: If more Recommendations or Action Points need to be identified, click the '+' box on the left-hand side.
A74: Purpose Recommendation 2
A75: Purpose Recommendation 3
A76: Purpose Action Point 2
A77: Purpose Action Point 3
A79: Project Purpose Score | C79: =IF(E79>4.49,"5",IF(E79>3.49,"4",IF(E79>2.49,"3",IF(E79>1.49,"2",IF(E79>0.49,"1",IF(E79<=0.49,"X")))))) -> 2 | E79: =('A2 Outputs 1-5'!C6*'A2 Outputs 1-5'!C57)+('A2 Outputs 1-5'!C75*'A2 Outputs 1-5'!C126)+('A2 Outputs 1-5'!C144*'A2 Outputs 1-5'!C195)+('A2 Outputs 1-5'!C213*'A2 Outputs 1-5'!C264)+('A2 Outputs 1-5'!C282*'A2 Outputs 1-5'!C333)+('A2 Outputs 6-10'!C7*'A2 Outputs 6-10'!C58)+('A2 Outputs 6-10'!C76*'A2 Outputs 6-10'!C127)+('A2 Outputs 6-10'!C145*'A2 Outputs 6-10'!C196)+('A2 Outputs 6-10'!C214*'A2 Outputs 6-10'!C265)+('A2 Outputs 6-10'!C283*'A2 Outputs 6-10'!C334) -> 2
A81: Purpose Justification | C81: We confirm that the project remains relevant and in fact critical to successful achievement of the Government of Kosovo's stated decentralisation objectives, as mandated by law and in conformity with the commitments in the Ahtisaari Agreement.
A83: Risk
A84: Project Risk Rating or latest Overall Risk Score. | C84: Medium
A85: Based on the review, does the Project Risk Rating need revision? | C85: No
A86: If Yes, why is this?
A88: If new risks have emerged, click the '+' box on the left-hand side and list them in the appropriate boxes.
A89: * High Impact / High Probability
A90: * High Impact / Medium Probability
A91: * High Impact / Low Probability
A92: * Medium Impact / High Probability
A93: * Medium Impact / Medium Probability
A94: * Medium Impact / Low Probability
A95: * Low Impact / High Probability
A96: * Low Impact / Medium Probability
A97: * Low Impact / Low Probability
A99: What is being done, or will need to be done, to manage or monitor these new Risks?
A101: Risk Recommendation 1 | C101: Risk of budget formula for 2013 not being implemented in a timely or complete way by the Ministry of Finance (when calculating the size and share of the General Grant required for SCS delivery) and by the municipalities (when deciding what % of their total revenues to allocate to this sector). We thus recommend that the risk rating from this output is increased from medium to high.
A102: Risk Action Point 1 | C102: See output 2 for proposed actions to address/ mitigate this risk
A103: If more Recommendations or Action Points need to be identified, click the '+' box on the left-hand side.
A104: Risk Recommendation 2
A105: Risk Recommendation 3
A106: Risk Action Point 2
A107: Risk Action Point 3
A109: Logframe, DSOs, Cross-Cutting Markers
A110: Logframe revised/needs revision? | C110: Yes
A111: If Yes, why was/is this? | C111: Some indicators and targets need to be refined to include baseline data and monitorable milestones, based upon survey data currently being collected.
A112: Logframe Recommendation 1 | C112: Project team to address the issue of including baseline data and milestones/ targets for relevant indicators and provide DFID with an updated logframe by end December 2011.
A113: Logframe Action Point 1
A114: If more Recommendations or Action Points need to be identified, click the '+' box on the left-hand side.
A115: Logframe Recommendation 2
A116: Logframe Recommendation 3
A117: Logframe Action Point 2
A118: Logframe Action Point 3
A120: DSOs revised/need revision? | C120: No
A121: If Yes, why was/is this?
A122: DSO Recommendation 1
A123: DSO Action Point 1
A124: If more Recommendations or Action Points need to be identified, click the '+' box on the left-hand side.
A125: DSO Recommendation 2
A126: DSO Recommendation 3
A127: DSO Action Point 2
A128: DSO Action Point 3
...

Sheet A2 Outputs 1-5
A1: A2: Outputs 1-5
A3: Output 1 | C3: National Policy Advisory Committee (NPAC) established and functioning to provide policy coherence between MLSW, MLGA, MEF and municipalities on social services to implement financial and administrative decentralisation of social care services.
A4: Impact Weight revised/needs revision? | C4: No
A5: If Yes, why was/is this?
A6: Original or Revised Impact Weight (%) | C6: 0.15
A8: Risk revised/needs revision? | C8: No
A9: If Yes, why was/is this?
A10: Original or Revised Risk | C10: Medium | E10: =IF(C10="High",1,IF(C10="Medium",2,IF(C10="Low",3,0))) -> 2
E11: =C6*E10 -> 0.3
A12: DFID Share revised/needs revision? | C12: No
A13: If Yes, why was/is this? | E13: 1
A14: Original or Revised DFID Share | C14: 1 | E14: 2
E15: 3
A16: Indicator 1 (leave blank if standard indicator) | C16: NPAC established and fully functional | E16: 4
A17: Is this a Standard Indicator? | C17: No | E17: 5
A18: Select standard indicator from drop down list | E18: 0
A19: Milestone for this review (including number, if any) | C19: NPAC to have met at least 6 times | E19: 0
A20: Progress made in the period covered by this review, including numbers. | C20: NPAC has been established and meeting regularly. Concept endorsed by all participants and valued as forum for inter-ministerial and municipality level discussion of key policy issues related to social services in Kosovo. Issue of remuneration of NPAC members for attendence has been resolved. Unsatisfactory participation from the Ministry of Finance, which is an issue of concern. DFID to raise this in review report.
A22: If Indicator 2 is required for this Output, click on the '+' sign to the left of this worksheet
A23: Indicator 2 (leave blank if standard indicator) | C23: Influence of NPAC decisions on the policy framework for the decentralisation of social care services.
A24: Is this a Standard Indicator? | C24: No
A25: Select standard indicator from drop down list | E25: 0
A26: Milestone for this review (including number, if any) | C26: NPAC case for transitional support for specific social service grant is adopted by MEF.
A27: Progress made in the period covered by this review, including numbers | C27: The proposal for a transitional budget arrangement, in form of a continued specific social services grant, was not accepted by MoF. However, this position had been made clear early in late 2010 as part of negotiations with the IMF over the 2011budget. The Ministry of Labour and Social Welfare thus was probably expecting this outcome. However, see below on prospects for the new budget formula being adopted in 2013
A29: If Indicator 3 is required for this Output, click on the '+' sign to the left of this worksheet
A30: Indicator 3 (leave blank if standard indicator) | C30: Competency of NPAC members to contribute to its objectives
A31: Is this a Standard Indicator? | C31: No
A32: Select standard indicator from drop down list | E32: 0
A33: Milestone for this review (including number, if any) | C33: 50% of identified development needs met
A34: Progress made in the period covered by this review, including numbers | C34: We do not currently have any evidence on which to base on assessment of the % of identified development needs met. This is a point for the project team to address - how will this indicator be monitored? However, it is clearly the case that various project activities, including regular meetings, training programmes and study tours have led to an observable improvement in the collective competency of the NPAC, based on reports of the project Team Leader, to provide good quality advice to government in this field. This was confirmed in meetings we held with MLSW and MLGA, as well as with AKM and the Collegia.
A36: If Indicator 4 is required for this Output, click on the '+' sign to the left of this worksheet
A37: Indicator 4 (leave blank if standard indicator)
A38: Is this a Standard Indicator?
A39: Select standard indicator from drop down list | E39: 0
A40: Milestone for this review (including number, if any)
A41: Progress made in the period covered by this review, including numbers
A43: If Indicator 5 is required for this Output, click on the '+' sign to the left of this worksheet
A44: Indicator 5 (leave blank if standard indicator)
A45: Is this a Standard Indicator?
A46: Select standard indicator from drop down list | E46: 0
A47: Milestone for this review (including number, if any)
A48: Progress made in the period covered by this review, including numbers
A50: If Indicator 6 is required for this Output, click on the '+' sign to the left of this worksheet
A51: Indicator 6 (leave blank if standard indicator)
A52: Is this a Standard Indicator?
A53: Select standard indicator from drop down list | E53: 0
A54: Milestone for this review (including number, if any)
A55: Progress made in the period covered by this review, including numbers
A57: Output Performance for Output 1 | C57: 1 | E57: =IF(C57=1,1,IF(C57=2,0.75,IF(C57=3,0.5,IF(C57=4,0.25,0)))) -> 1
A58: Impact Weighted Score | C58: =E57*C6*100 -> 15 | E58: =E57*C6 -> 0.15
A59: Justification for the Score | C59: NPAC is fully functioning and increasingly influential. Its importance and status has been recognised by the Office of the Prime Minister, one of whose staff members participates in meetings on regular basis. NPAC likely to be formally endorsed as a Government working group or commission, which will increase likelihood of sustainability. All NPAC members participated in study tours (apart from MoF) and engaging activily with the project's technical work, hence building their technical capacity and understanding of needs of the sector. There are indications that other donors will also now be working with NPAC in their future projects. The IMF's mission looking into municipal financing will be meeting with the project team later this month and may well also consult with NPAC members as well - so it is clear that NPAC is now recognised as the main source of expertise in this sector. This is impressive, since it has only been in existence since the beginning of the year.
A61: Output 1 Recommendation 1 | C61: Finalise a training needs assessment for NPAC members and monitor progress with implementing this over 2012.
A62: Output 1 Action Point 1
A63: If more Recommendations or Action Points need to be identified, click the '+' box on the left-hand side.
A64: Output 1 Recommendation 2
A65: Output 1 Recommendation 3
A66: Output 1 Action Point 2
A67: Output 1 Action Point 3
A71: If Output 2 is required, click on the '+' sign to the left of this worksheet
A72: Output 2 | C72: Budget Allocation Criteria – including equalisation mechanisms - for allocating funding designed and implemented to ensure adequate funding to enable municipalities to provide high priority social care services
A73: Impact Weight revised/needs revision? | C73: No
A74: If Yes, why was/is this?
A75: Original or Revised Impact Weight (%) | C75: 0.25
A77: Risk revised/needs revision? | C77: Yes
A78: If Yes, why was/is this? | C78: Concern here is around potential for implementation of the budget formula in 2013. Not clear currently that MoF will accept the recommendations of the NPAC regarding a budget formula for future allocations to municipalities via the general grant. NPAC will only finalise its position on the proposed financing mechanism in the first quarter of 2012. Control of aggregate spending levels, partly due to IMF programme fiscal targets, may prevail over needs to reallocate available resources more effectively. Also not clear that municipalities themselves will allocate sufficient resources to SCS, using own source revenues and block grant from central government. Due to these external factors, MLSW/NPAC may have limited ability to influence the Governments final decission on when and how to adopt a needs and risk factor based budget allocation mechanism. We want to flag this as a potential risk, by increasing the risk rating, and will monitor this carefully and also take forward policy discussions with MoF on these concerns.
A79: Original or Revised Risk | C79: High | E79: =IF(C79="High",1,IF(C79="Medium",2,IF(C79="Low",3,0))) -> 1
E80: =C75*E79 -> 0.25
A81: DFID Share revised/needs revision? | C81: No
A82: If Yes, why was/is this?
A83: Original or Revised DFID Share
A85: Indicator 1 (leave blank if standard indicator) | C85: Evidence-based knowledge of the unit costs of high priority social care services
A86: Is this a Standard Indicator? | C86: No
A87: Select standard indicator from drop down list | E87: 0
A88: Milestone for this review (including number, if any) | C88: Unit costs estimate of all priority services submitted to NPAC
A89: Progress made in the period covered by this review, including numbers | C89: This has been achieved, despite the delays in accessing key data from SOK (from recent Household Budget Surveys). The good working relationship that DFID Kosovo has with SOK, as well as with the World Bank team involved in HBS analysis, was influential here. We have a CDRom with the unit cost data, which we will make available to other teams in DFID undertaking similar unit cost analysis e.g. DFID Jerusalem and Policy Division.
A91: If Indicator 2 is required for this Output, click on the '+' sign to the left of this worksheet
A92: Indicator 2 (leave blank if standard indicator) | C92: Information availability on the relative costs of social care services in different municipalities
A93: Is this a Standard Indicator? | C93: No
A94: Select standard indicator from drop down list | E94: 0
A95: Milestone for this review (including number, if any) | C95: Preliminary data available based on census information.
A96: Progress made in the period covered by this review, including numbers | C96: We understand that a quantitative and qualitative survey of current service provision levels by municipality is ongoing and is due to be completed in December 2011. This will represent an important baseline (on service delivery levels) against which the project, NPAC and the government should be able to monitor progress with service coverage and quality improvement over the coming years. As far as we are aware, this will be the first assessment of this kind in Kosovo and hence we would encourage NPAC to ensure that the results of this are widely shared with all relevant stakeholders, including civil society and NGO's, as a way to increasing awareness and also to ensure that planned interventions by both donors and NGO's are informed by the reality on the ground throughout Kosovo.
A98: If Indicator 3 is required for this Output, click on the '+' sign to the left of this worksheet
A99: Indicator 3 (leave blank if standard indicator) | C99: Total financial allocations for social care service provision in municipalities as a percentage of need
A100: Is this a Standard Indicator? | C100: No
A101: Select standard indicator from drop down list | E101: 0
A102: Milestone for this review (including number, if any) | C102: First estimate of total financial needs available.
A103: Progress made in the period covered by this review, including numbers | C103: We are not aware that this estimate is currently available and should be one of the outcomes of the survey work ongoing (see above). The project team and NPAC will need to consider carefully how to handle the likely gap between the financing needs of the sector (at municipal level and in aggregate) and the overall budgetary resource envelope for social care provision in Kosovo. This will have implications for the ability to expand both coverage and quality in future. Some process to prioritise services is going to be needed. We also have some concerns about the likely costs of providing some social care services to EU standards.
A105: If Indicator 4 is required for this Output, click on the '+' sign to the left of this worksheet
A106: Indicator 4 (leave blank if standard indicator)
A107: Is this a Standard Indicator?
A108: Select standard indicator from drop down list | E108: 0
A109: Milestone for this review (including number, if any)
A110: Progress made in the period covered by this review, including numbers
A112: If Indicator 5 is required for this Output, click on the '+' sign to the left of this worksheet
A113: Indicator 5 (leave blank if standard indicator)
A114: Is this a Standard Indicator?
A115: Select standard indicator from drop down list | E115: 0
A116: Milestone for this review (including number, if any)
A117: Progress made in the period covered by this review, including numbers
A119: If Indicator 6 is required for this Output, click on the '+' sign to the left of this worksheet
...

Sheet A2 Outputs 6-10
A1: A3: Outputs 6-10
A3: If Output 6 is required, click on the '+' sign to the left of this worksheet
A4: Output 6
A5: Impact Weight revised/needs revision?
A6: If Yes, why was/is this?
A7: Original or Revised Impact Weight (%)
A9: Risk revised/needs revision?
A10: If Yes, why was/is this?
A11: Original or Revised Risk | E11: =IF(C11="High",1,IF(C11="Medium",2,IF(C11="Low",3,0))) -> 0
E12: =C7*E11 -> 0
A13: DFID Share revised/needs revision?
A14: If Yes, why was/is this?
A15: Original or Revised DFID Share
A17: Indicator 1 (leave blank if standard indicator)
A18: Is this a Standard Indicator?
A19: Select standard indicator from drop down list
A20: Milestone for this review (including number, if any)
A21: Progress made in the period covered by this review, including numbers
A23: If Indicator 2 is required for this Output, click on the '+' sign to the left of this worksheet
A24: Indicator 2 (leave blank if standard indicator)
A25: Is this a Standard Indicator?
A26: Select standard indicator from drop down list
... A56: Progress made in the period covered by this review, including numbers
A58: Output Performance for Output 6 | E58: =IF(C58=1,1,IF(C58=2,0.75,IF(C58=3,0.5,IF(C58=4,0.25,0)))) -> 0
A59: Impact Weighted Score | C59: =E58*C7*100 -> 0 | E59: =E58*C7 -> 0
A60: Justification for the Score
A62: Output 6 Recommendation 1
A63: Output 6 Action Point 1
A64: If more Recommendations or Action Points need to be identified, click the '+' box on the left-hand side.
A65: Output 6 Recommendation 2
A66: Output 6 Recommendation 3
A67: Output 6 Action Point 2
A68: Output 6 Action Point 3
A72: If Output 7 is required, click on the '+' sign to the left of this worksheet
A73: Output 7
A74: Impact Weight revised/needs revision?
A75: If Yes, why was/is this?
... A79: If Yes, why was/is this?
A80: Original or Revised Risk | E80: =IF(C80="High",1,IF(C80="Medium",2,IF(C80="Low",3,0))) -> 0
E81: =C76*E80 -> 0
A82: DFID Share revised/needs revision?
A83: If Yes, why was/is this?
A84: Original or Revised DFID Share
A86: Indicator 1 (leave blank if standard indicator)
A87: Is this a Standard Indicator?
A88: Select standard indicator from drop down list
A89: Milestone for this review (including number, if any)
A90: Progress made in the period covered by this review, including numbers
A92: If Indicator 2 is required for this Output, click on the '+' sign to the left of this worksheet
A93: Indicator 2 (leave blank if standard indicator)
A94: Is this a Standard Indicator?
A95: Select standard indicator from drop down list
... A125: Progress made in the period covered by this review, including numbers
A127: Output Performance for Output 7 | E127: =IF(C127=1,1,IF(C127=2,0.75,IF(C127=3,0.5,IF(C127=4,0.25,0)))) -> 0
A128: Impact Weighted Score | C128: =E127*C76*100 -> 0 | E128: =E127*C76 -> 0
A129: Justification for the Score
A131: Output 7 Recommendation 1
A132: Output 7 Action Point 1
A133: If more Recommendations or Action Points need to be identified, click the '+' box on the left-hand side.
A134: Output 7 Recommendation 2
A135: Output 7 Recommendation 3
A136: Output 7 Action Point 2
A137: Output 7 Action Point 3
A141: If Output 8 is required, click on the '+' sign to the left of this worksheet
A142: Output 8
A143: Impact Weight revised/needs revision?
A144: If Yes, why was/is this?
... A148: If Yes, why was/is this?
A149: Original or Revised Risk | E149: =IF(C149="High",1,IF(C149="Medium",2,IF(C149="Low",3,0))) -> 0
E150: =C145*E149 -> 0
A151: DFID Share revised/needs revision?
A152: If Yes, why was/is this?
A153: Original or Revised DFID Share
A155: Indicator 1 (leave blank if standard indicator)
A156: Is this a Standard Indicator?
A157: Select standard indicator from drop down list
A158: Milestone for this review (including number, if any)
A159: Progress made in the period covered by this review, including numbers
A161: If Indicator 2 is required for this Output, click on the '+' sign to the left of this worksheet
A162: Indicator 2 (leave blank if standard indicator)
A163: Is this a Standard Indicator?
A164: Select standard indicator from drop down list
... A194: Progress made in the period covered by this review, including numbers
A196: Output Performance for Output 8 | E196: =IF(C196=1,1,IF(C196=2,0.75,IF(C196=3,0.5,IF(C196=4,0.25,0)))) -> 0
A197: Impact Weighted Score | C197: =E196*C145*100 -> 0 | E197: =E196*C145 -> 0
A198: Justification for the Score
A200: Output 8 Recommendation 1
A201: Output 8 Action Point 1
A202: If more Recommendations or Action Points need to be identified, click the '+' box on the left-hand side.
A203: Output 8 Recommendation 2
A204: Output 8 Recommendation 3
A205: Output 8 Action Point 2
A206: Output 8 Action Point 3
A210: If Output 9 is required, click on the '+' sign to the left of this worksheet
A211: Output 9
A212: Impact Weight revised/needs revision?
A213: If Yes, why was/is this?
... A217: If Yes, why was/is this?
A218: Original or Revised Risk | E218: =IF(C218="High",1,IF(C218="Medium",2,IF(C218="Low",3,0))) -> 0
E219: =C214*E218 -> 0
...

Sheet B Project Scoring
A1: B: Project Scoring | F1: comments
A3: Review Date (dd/mm/yyyy) | C3: 40870
A5: Impact Weighting (must = 100) | C5: ='A2 Outputs 1-5'!C6+'A2 Outputs 1-5'!C75+'A2 Outputs 1-5'!C144+'A2 Outputs 1-5'!C213+'A2 Outputs 1-5'!C282+'A2 Outputs 6-10'!C7+'A2 Outputs 6-10'!C76+'A2 Outputs 6-10'!C145+'A2 Outputs 6-10'!C214+'A2 Outputs 6-10'!C283 -> 1
A6: Total Impact Score | C6: =E6*100 -> 75 | E6: ='A2 Outputs 1-5'!E58+'A2 Outputs 1-5'!E127+'A2 Outputs 1-5'!E196+'A2 Outputs 1-5'!E265+'A2 Outputs 1-5'!E334+'A2 Outputs 6-10'!E59+'A2 Outputs 6-10'!E128+'A2 Outputs 6-10'!E197+'A2 Outputs 6-10'!E266+'A2 Outputs 6-10'!E335 -> 0.75
A7: Output Risk | C7: =IF(E7<1.55,"High",IF(E7>2.5,"Low","Medium")) -> Medium | E7: ='A2 Outputs 1-5'!E11+'A2 Outputs 1-5'!E80+'A2 Outputs 1-5'!E149+'A2 Outputs 1-5'!E218+'A2 Outputs 1-5'!E287+'A2 Outputs 6-10'!E12+'A2 Outputs 6-10'!E81+'A2 Outputs 6-10'!E150+'A2 Outputs 6-10'!E219+'A2 Outputs 6-10'!E288 -> 1.75
A9: Method of Scoring: Sources of Information
A10: Using the drop-down menu for each box, enter "X" for each Source of Information used in the review.
A11: Quantitative data from national systems
A12: Quantitative data from project/programme study | C12: X
A13: Government assessment | C13: X
A14: Joint donor review
A15: Independent consultant review
A16: DFID staff review | C16: X
A18: Scoring Responsibility: Partners Involved
A19: Using the drop-down menu for each box, enter "X" to indicate Partners Involved in the review.
A20: National Government partner
A21: National non-Government partner
A22: Independent consultant | C22: X
A23: Donor partners
A24: DFID staff | C24: X
A26: Donor partners | C26: ECLO
C27: World Bank
C28: USAID
C29: GIZ (to be consulted)
C30: IMF
A34: Comment here on the Method of Scoring and Scoring Responsibility. | C34: Various partners above were consulted as part of this review. The review team also met with most members of the NPAC. The score assigned to each output is based on these consultations and has been made by the review team members and verified with the project implementation team. Ultimate responsibility for the scoring and assessments made in this review rests with the DFID Review Team.
A36: Scoring Recommendation 1
A37: Scoring Action Point 1
A38: If more Recommendations or Action Points need to be identified, click the '+' box on the left-hand side.
A39: Scoring Recommendation 2
A40: Scoring Recommendation 3
A41: Scoring Action Point 2
A42: Scoring Action Point 3

Sheet C Knowledge & Evidence
A1: C: Knowledge Sharing and Evidence
A3: Lesson category
A4: 1. Working with partners | C4: This will be more relevant at end of project - to review our success in ensuring sustainability of support to the underlying reform process by cooperation with other donor partners - and particularly with the planned EC IPA project.
A6: Working with Partners Recommendation 1
A7: Working with Partners Action Point 1
A8: If more Recommendations or Action Points need to be identified, click the '+' box on the left-hand side.
A9: Working with Partners Recommendation 2
A10: Working with Partners Recommendation 3
A11: Working with Partners Action Point 2
A12: Working with Partners Action Point 3
A14: 2. Best Practice / Innovation | C14: Excellent use of technical analysis to inform a complex and politically sensitive reform process. Good example of how evidence-based policy making can be put into practice. We plan to share some of the technical work undertaken e.g unit cost analysis with other DFID teams and country offices.
A16: Best Practice / Innovation Recommendation 1
A17: Best Practice / Innovation Action Point 1
A18: If more Recommendations or Action Points need to be identified, click the '+' box on the left-hand side.
A19: Best Practice / Innovation Recommendation 2
A20: Best Practice / Innovation Recommendation 3
A21: Best Practice / Innovation Action Point 2
A22: Best Practice / Innovation Action Point 3
A24: 3. Project Management | C24: Good working relationship between DFID Kosovo and the project team has meant that various issues with effective project management have been addressed and resolved in a timely manner.
A26: Project Management Recommendation 1
A27: Project Management Action Point 1
A28: If more Recommendations or Action Points need to be identified, click the '+' box on the left-hand side.
A29: Project Management Recommendation 2
A30: Project Management Recommendation 3
A31: Project Management Action Point 2
A32: Project Management Action Point 3
A34: Other Comments
A35: If appropriate, comment on the effectiveness of the institutional relationships created or enhanced by the project, e.g., comment on processes and how relationships have evolved.
A37: Key issues, points of information or additional comments that may be useful for this or other project teams. | C37: We would suggest that all key project outputs are made available as a package to DFID internal audiences and also consider lodging these with a data library e.g. at IDS in Sussex to allow access to this information by researchers and analysts.
A39: Other Recommendation 1
A40: Other Action Point 1
A41: If more Recommendations or Action Points need to be identified, click the '+' box on the left-hand side.
A42: Other Recommendation 2
A43: Other Recommendation 3
A44: Other Action Point 2
A45: Other Action Point 3
A47: Evidence: Key documents
A48: Quest No.
C49: To be included/ completed - most key docs already in Quest
A60: Evidence Recommendation 1 | C60: See above
A61: Evidence Action Point 1
A62: If more Recommendations or Action Points need to be identified, click the '+' box on the left-hand side.
A63: Evidence Recommendation 2
A64: Evidence Recommendation 3
A65: Evidence Action Point 2
A66: Evidence Action Point 3

Sheet D Conditionality Sustainability
A1: D: Conditionality and Sustainability
A3: Conditionality
A4: If conditions are attached to this project, was disbursement suspended during the review period because of the conditions? | C4: No
A6: If Yes, what was the cause?
A8: Date Suspended (dd/mm/yyyy)?
A10: What were the consequences?
A12: Conditionality Recommendation 1
A13: Conditionality Action Point 1
A14: If more Recommendations or Action Points need to be identified, click the '+' box on the left-hand side.
A15: Conditionality Recommendation 2
A16: Conditionality Recommendation 3
A17: Conditionality Action Point 2
A18: Conditionality Action Point 3
A21: Sustainability
A22: Comment on how likely is it that the benefits arising from this project will be sustained after the end of project. | C22: This is specifically addressed in Output 5 of the project
A24: Sustainability Recommendation 1
A25: Sustainability Action Point 1
A26: If more Recommendations or Action Points need to be identified, click the '+' box on the left-hand side.
A27: Sustainability Recommendation 2
A28: Sustainability Recommendation 3
A29: Sustainability Action Point 2
A30: Sustainability Action Point 3

Sheet E Recommendations & Actions
A1: E: Recommendations and Action Points
A3: Recommendations | C3: Person / team who will action the recommendation
A4: A1: Goal
A5: R1 | B5: ='A1 Goal, Purpose, Risk'!C25 -> Work required to quantify expected levels of need (for main SCS), based on risk factor analysis of relevant populations, and then set appropriate targets for municipal coverage. NPAC has a key role in raising the awareness of relevant municipal officers (mayors, Directors of Budget, Directors of Health and Social Welfare, Heads of Social Welfare Units) to their new roles and responsibilities. The Department of Social Welfare in Ministry of Labour and Social Welfare (MLSW) needs to consider what role it can most usefully play in this new decentralised reality, combining a regulatory/ inspection function with providing positive support to the municipalities to manage the CSW's effectively. | C5: Project team/ NPAC
A6: R2 | B6: ='A1 Goal, Purpose, Risk'!C28 -> 0
A7: R3 | B7: ='A1 Goal, Purpose, Risk'!C29 -> 0
A8: A1: Purpose
A9: R1 | B9: See recommendations in accompanying Note on Main Outcomes of the Annual Review. These focus on the need for (a) a clear Communication Strategy for the project and the underlying reform process, to be agreed with NPAC; (b) a specific proposal from the project on a data needs and data management plan; (c) further consideration by NPAC of the non-goverment sources of financial and other support to the sector; (d) building on regional linkages and integrating Kosovo into EU networks on social care and social service delivery and (e) carefully managing risks of changes to key team members. | C9: Project team/ NPAC
A10: R2 | B10: ='A1 Goal, Purpose, Risk'!C74 -> 0
A11: R3 | B11: ='A1 Goal, Purpose, Risk'!C75 -> 0
A12: A1: Risk
A13: R1 | B13: ='A1 Goal, Purpose, Risk'!C101 -> Risk of budget formula for 2013 not being implemented in a timely or complete way by the Ministry of Finance (when calculating the size and share of the General Grant required for SCS delivery) and by the municipalities (when deciding what % of their total revenues to allocate to this sector). We thus recommend that the risk rating from this output is increased from medium to high. | C13: DFID - revised logframe
A14: R2 | B14: ='A1 Goal, Purpose, Risk'!C104 -> 0
A15: R3 | B15: ='A1 Goal, Purpose, Risk'!C105 -> 0
A16: A1: Logframe
A17: R1 | B17: Project team to address the issue of including baseline data and milestones/ targets for relevant indicators and provide DFID with an updated logframe by end December 2011.
A18: R2 | B18: ='A1 Goal, Purpose, Risk'!C115 -> 0
A19: R3 | B19: ='A1 Goal, Purpose, Risk'!C116 -> 0
A20: A1: DSOs
A21: R1 | B21: ='A1 Goal, Purpose, Risk'!C122 -> 0
A22: R2 | B22: ='A1 Goal, Purpose, Risk'!C125 -> 0
A23: R3 | B23: ='A1 Goal, Purpose, Risk'!C126 -> 0
A24: A1: Cross-Cutting Markers
A25: R1 | B25: ='A1 Goal, Purpose, Risk'!C132 -> 0
A26: R2 | B26: ='A1 Goal, Purpose, Risk'!C135 -> 0
A27: R3 | B27: ='A1 Goal, Purpose, Risk'!C136 -> 0
A29: A2: Outputs
A30: R1.1 | B30: ='A2 Outputs 1-5'!C61 -> Finalise a training needs assessment for NPAC members and monitor progress with implementing this over 2012.
A31: R1.2 | B31: ='A2 Outputs 1-5'!C64 -> 0
A32: R1.3 | B32: ='A2 Outputs 1-5'!C65 -> 0
A33: R2.1 | B33: ='A2 Outputs 1-5'!C130 -> Project Team Actions include: (i) Ensuring that Mayors who sit on the Grants Commission are sensitised to, and made aware of, the gaps and omissions in current funding and the need to prioritise/ring fence social services within the General Grant; (II) Brief IMF team and share project analysis with IMF Municipal Finance Team; (iii) draw World Bank attention to the inter-relationship between social assistance and social services at the level of core funding requirements for Centres for Social Welfare.
A34: R2.2 | B34: Action points for DFID include (1) follow up discussion with MoF on engagement of the Municipal Finance Dept in the NPAC, (2) some preliminary discussions with the Budget Director about the budget formula for 2013 and what format would be most useful to guide MoF thinking, (3) to flag this as an issue of concern to DFID to the IMF mission dealing with Municipal Financing issues, (4) to maintain a close contact with both ECLO and the World Bank on the issue of overall financial needs of the sector, (5) to disseminate some of the unit cost analysis for Kosovo to other DFID teams working on similar issues in other countries.
A35: R2.3 | B35: ='A2 Outputs 1-5'!C134 -> 0
A36: R3.1 | B36: ='A2 Outputs 1-5'!C199 -> It will be important to focus on completion and adoption of the Strategic Vision for social care service provision in Kosovo by NPAC as early as possible in 2012. This can then form the basis for ongoing capacity development work, but also for more focused discussions with GoK and other donors about the ongoing external support needs of the sector.
A37: R3.2 | B37: ='A2 Outputs 1-5'!C202 -> 0
A38: R3.3 | B38: ='A2 Outputs 1-5'!C203 -> 0
A39: R4.1 | B39: ='A2 Outputs 1-5'!C268 -> AKM to continue working closely with the collegia members to build on achievements to date. Ensure more leadership of MLSW in organisation of the next Social Service Conference.
A40: R4.2 | B40: ='A2 Outputs 1-5'!C271 -> 0
A41: R4.3 | B41: ='A2 Outputs 1-5'!C272 -> 0
A42: R5.1 | B42: ='A2 Outputs 1-5'!C337 -> DFID Kosovo will take forward further discussions with ECLO, GIZ and other relevant partners (e.g. UNICEF), within context of the sector working groups, on project and reform sustainability beyond 2012. This will be more fruitful once the Government's overall strategy for the sector becomes clearer in early 2012. We have also discussed with MLSW the need for donors to have a collective meeting with Government to discuss the range of ongoing needs for support to the sector. We want to used DFID's trusted position to ensure greater alignment and harmonisation.
A43: R5.2 | B43: ='A2 Outputs 1-5'!C340 -> 0
A44: R5.3 | B44: ='A2 Outputs 1-5'!C341 -> 0
A45: R6.1 | B45: ='A2 Outputs 6-10'!C62 -> 0
A46: R6.2 | B46: ='A2 Outputs 6-10'!C65 -> 0
A47: R6.3 | B47: ='A2 Outputs 6-10'!C66 -> 0
A48: R7.1 | B48: ='A2 Outputs 6-10'!C131 -> 0
A49: R7.2 | B49: ='A2 Outputs 6-10'!C134 -> 0
A50: R7.3 | B50: ='A2 Outputs 6-10'!C135 -> 0
A51: R8.1 | B51: ='A2 Outputs 6-10'!C200 -> 0
A52: R8.2 | B52: ='A2 Outputs 6-10'!C203 -> 0
A53: R8.3 | B53: ='A2 Outputs 6-10'!C204 -> 0
A54: R9.1 | B54: ='A2 Outputs 6-10'!C269 -> 0
A55: R9.2 | B55: ='A2 Outputs 6-10'!C272 -> 0
A56: R9.3 | B56: ='A2 Outputs 6-10'!C273 -> 0
A57: R10.1 | B57: ='A2 Outputs 6-10'!C338 -> 0
A58: R10.2 | B58: ='A2 Outputs 6-10'!C341 -> 0
A59: R10.3 | B59: ='A2 Outputs 6-10'!C342 -> 0
A61: B: Scoring
A62: R1 | B62: ='B Project Scoring'!C36 -> 0
A63: R2 | B63: ='B Project Scoring'!C39 -> 0
A64: R3 | B64: ='B Project Scoring'!C40 -> 0
A66: C: Knowledge Sharing
B67: Working with Partners
A68: R1 | B68: ='C Knowledge & Evidence'!C6 -> 0
A69: R2 | B69: ='C Knowledge & Evidence'!C9 -> 0
A70: R3 | B70: ='C Knowledge & Evidence'!C10 -> 0
B71: Best Practice / Innovation
A72: R1 | B72: ='C Knowledge & Evidence'!C16 -> 0
A73: R2 | B73: ='C Knowledge & Evidence'!C19 -> 0
A74: R3 | B74: ='C Knowledge & Evidence'!C20 -> 0
B75: Project Management
A76: R1 | B76: ='C Knowledge & Evidence'!C26 -> 0
A77: R2 | B77: ='C Knowledge & Evidence'!C29 -> 0
A78: R3 | B78: ='C Knowledge & Evidence'!C30 -> 0
A79: C: Other Comments
A80: R1 | B80: ='C Knowledge & Evidence'!C39 -> 0
A81: R2 | B81: ='C Knowledge & Evidence'!C42 -> 0
A82: R3 | B82: ='C Knowledge & Evidence'!C43 -> 0
A84: C: Evidence
A85: R1 | B85: ='C Knowledge & Evidence'!C60 -> See above
A86: R2 | B86: ='C Knowledge & Evidence'!C63 -> 0
A87: R3 | B87: ='C Knowledge & Evidence'!C64 -> 0
A89: D: Conditionality
A90: R1 | B90: ='D Conditionality Sustainability'!C12 -> 0
A91: R2 | B91: ='D Conditionality Sustainability'!C15 -> 0
A92: R3 | B92: ='D Conditionality Sustainability'!C16 -> 0
A93: D: Sustainability
A94: R1 | B94: ='D Conditionality Sustainability'!C24 -> 0
A95: R2 | B95: ='D Conditionality Sustainability'!C27 -> 0
A96: R3 | B96: ='D Conditionality Sustainability'!C28 -> 0
A98: Additional Recommendations arising
A99: R1
A100: R2
A101: R3
A103: Action Points | C103: Person / team who will lead on the Action Point
A104: A1: Goal
A105: AP1.1 | B105: ='A1 Goal, Purpose, Risk'!C26 -> Team to complete quantitative survey and then propose specific service-delivery related indicators and targets for 2012 (and beyond).
A106: AP1.2 | B106: ='A1 Goal, Purpose, Risk'!C30 -> 0
A107: AP1.3 | B107: ='A1 Goal, Purpose, Risk'!C31 -> 0
A108: A1: Purpose
...
